Map: Alcyone LE

Players

인공지능 칸 (아주 쉬움)

  • Race: Protoss Protoss
  • Spawn Location: 1:00

프로브 - Winner!

  • Race: Terran Terran
  • League: Diamond
  • Spawn Location: 7:00

VOD

Have the link to the VOD?

Description

Time

  • Played on: April 5, 2024, 9:01 a.m.
  • Length: 7:19
Show
View Real Time Build Order
Export as new Build Order

인공지능 칸 (아주 쉬움) Protoss 

Build Orders:  

Get SALT Encoding   

  12  0:00  Probe  
  13  0:13  Probe  
  14  0:19  Pylon  
  14  0:36  Assimilator  
  14  0:42  Gateway  
  14  0:45  Pylon  
  14  1:12  Assimilator  
  14  1:15  Probe  
  14  1:24  Probe  
  15  1:32  Cybernetics Core, Probe  
  17  1:42  Probe  
  18  1:54  Probe  
  18  1:58  Warp Gate  
  19  2:02  Probe  
  20  2:09  Stalker  
  22  5:40  Zealot  
  22  5:41  Probe  
  22  5:42  Pylon  
  25  5:44  Robotics Facility  
  25  5:50  Probe  
  24  5:58  Probe  
  25  6:08  Probe  
  26  6:16  Pylon  
  26  6:18  Probe  
  25  6:23  Zealot  
  24  6:26  Pylon, Probe  
  22  6:34  Probe  
  22  6:35  Robotics Facility  
  9  6:54  Pylon  
Show
View Real Time Build Order
Export as new Build Order

프로브 Terran - Winner!

Build Orders:  

Get SALT Encoding   

  12  0:00  SCV  
  13  0:12  SCV  
  14  0:16  Supply Depot  
  14  0:24  SCV  
  15  0:38  SCV  
  15  0:40  Barracks  
  15  0:42  Refinery  
  16  0:50  SCV  
  17  1:02  SCV  
  18  1:14  SCV  
  19  1:26  Marine  
  19  1:27  Orbital Command  
  20  1:38  Command Center  
  20  1:46  Supply Depot  
  20  1:48  Barracks Reactor  
  20  1:52  SCV  
  21  2:04  SCV  
  21  2:07  Factory  
  22  2:12  Refinery  
  22  2:16  SCV  
  23  2:23  Marine  
  23  2:24  Marine  
  23  2:28  SCV  
  26  2:40  SCV  
  26  2:41  Marine x2  
  29  2:50  Orbital Command  
  29  2:52  Starport  
  29  2:53  SCV  
  30  2:58  Factory Tech Lab  
  30  3:04  Barracks  
  30  3:05  SCV  
  31  3:07  Marine  
  31  3:09  Marine  
  33  3:16  SCV  
  33  3:17  SCV  
  35  3:21  Siege Tank  
  35  3:25  Supply Depot  
  38  3:28  Starport Tech Lab, SCV  
  38  3:30  SCV  
  38  3:32  Marine  
  41  3:34  Marine  
  41  3:40  SCV  
  43  3:43  SCV  
  43  3:47  Barracks  
  44  3:51  Supply Depot  
  44  3:52  SCV  
  45  3:56  Siege Tank  
  45  3:58  SCV  
  45  4:00  Stimpack  
  49  4:03  Marine  
  49  4:05  SCV  
  49  4:06  Marine  
  52  4:10  SCV, Refinery  
  52  4:13  Starport Reactor  
  53  4:17  SCV  
  53  4:18  Supply Depot  
  53  4:22  SCV  
  55  4:27  Marine  
  55  4:29  SCV  
  57  4:33  Engineering Bay  
  57  4:34  SCV  
  57  4:35  Marauder  
  57  4:37  Factory Reactor  
  60  4:40  Combat Shield  
  60  4:41  SCV, Refinery  
  60  4:45  Marauder  
  63  4:46  SCV  
  63  4:47  Supply Depot  
  64  4:53  SCV, Medivac  
  64  4:58  SCV  
  68  5:01  Medivac  
  70  5:09  Marauder, SCV, Marine x2  
  70  5:11  Supply Depot  
  70  5:12  Supply Depot  
  75  5:14  SCV  
  75  5:15  Widow Mine  
  75  5:20  Terran Infantry Weapons Level 1  
  78  5:32  SCV x2, Medivac  
  78  5:33  Widow Mine  
  78  5:34  Marine x2  
  86  5:39  Supply Depot  
  86  5:40  Concussive Shells  
  86  5:44  Supply Depot  
  86  5:45  SCV  
  86  5:46  Marauder x2  
  86  5:49  Medivac  
  93  5:54  SCV  
  94  6:00  Marine x2  
  94  6:01  Command Center  
  94  6:03  SCV  
  97  6:06  SCV  
  98  6:12  Supply Depot  
  98  6:13  Marauder  
  98  6:16  Marauder, SCV  
  98  6:18  Widow Mine, SCV  
  106  6:20  Marine  
  106  6:21  Marine  
  108  6:34  Marauder  
  108  6:35  SCV  
  108  6:36  Barracks  
  111  6:41  SCV  
  111  6:43  Barracks  
  112  6:48  SCV  
  112  6:49  Marine, Widow Mine  
  112  6:53  Marauder  
  118  7:00  Armory  
  118  7:05  Engineering Bay  
  118  7:06  SCV, Supply Depot  
  118  7:07  SCV  
Tags
 
League
Diamond
Matchup
PvT
Spawn Locations
Cross Positions
Add a new tag
Caveats
  • Supply blocks, unpowered buildings, or Contaminate may cause inaccurate times.
  • Supply counts are checked every 10 seconds.